 Dungeon Crawl Stone Soup version 0.18-a0-1220-g2dc6208 (webtiles) character file.

2233 Reinor the Destroyer (level 9, 0/45 HPs)
             Began as a Deep Elf Wizard on Feb 3, 2016.
             Was an Initiate of Vehumet.
             Slain by a wasp (8 damage)
             ... while paralysed by a wasp
             ... on level 6 of the Dungeon.
             The game lasted 00:38:02 (7617 turns).

Reinor the Destroyer (Deep Elf Wizard)              Turns: 7617, Time: 00:38:02

Health: 0/45       AC:  5    Str:  4    XL:     9   Next: 14%
Magic:  3/29       EV:  2    Int: 32    God:    Vehumet [......]
Gold:   399        SH:  0    Dex: 17    Spells: 5 memorised, 9 levels left

rFire  . . .     SeeInvis .     g - +1 dagger (venom)
rCold  . . .     Gourm    +     t - +3 robe "Quimuuv" {MP+9}
rNeg   . . .     Faith    .     (no shield)
rPois  .         Spirit   .     b - +0 hat
rElec  .         Dismiss  .     (no cloak)
rCorr  .         Reflect  .     (no gloves)
SustAt .         Harm     .     (no boots)
MR     .....                    H - amulet of Gozag's Anger {Gourm Int+5}
Stlth  ++........               J - +4 ring of dexterity
                                a - ring of flight

@: paralysed, lethally poisoned (0 -> -3), slowed, not resistant to hostile
enchantments, unstealthy
A: no striking features
a: Renounce Religion, Evoke Flight


You were on level 6 of the Dungeon.
You worshipped Vehumet.
Vehumet was noncommittal.
You were very full.

You visited 2 branches of the dungeon, and saw 8 of its levels.
You also visited: Sewer.

You collected 399 gold pieces.

Inventory:

Hand Weapons
 g - a +1 dagger of venom (weapon)
 j - a +0 quarterstaff
Missiles
 p - 238 stones (quivered)
 r - 34 poisoned needles
Armour
 b - a +0 hat (worn)
 t - the +3 robe "Quimuuv" (worn) {MP+9}
   (You found it on level 4 of the Dungeon)

   It affects your magic capacity (+9).
Jewellery
 a - a ring of flight (left hand)
 H - the amulet of Gozag's Anger (around neck) {Gourm Int+5}
   (You found it on level 5 of the Dungeon)

   [amulet of the gourmand]

   It allows you to eat raw meat even when not hungry.
   It affects your intelligence (+5).
 J - a +4 ring of dexterity (right hand)
Wands
 G - a wand of iceblast (3/15)
 K - a wand of iceblast (7/15)
Scrolls
 e - 3 scrolls of remove curse
 h - a scroll of noise {unknown}
 m - 9 scrolls of teleportation
 v - a scroll of enchant armour {unknown}
 w - 3 scrolls of fear
 y - 3 scrolls of recharging
 A - 2 scrolls of immolation
 B - 3 scrolls of fog {unknown}
 I - a scroll of amnesia
Potions
 f - a potion of resistance {unknown}
 i - a potion of lignification {unknown}
 k - a potion of cure mutation {unknown}
 l - 3 potions of mutation
 n - a potion of cancellation {unknown}
 o - 3 potions of might
 q - 3 potions of beneficial mutation {unknown}
 s - a potion of curing
 x - 3 potions of brilliance {unknown}
 C - 2 potions of agility {unknown}
 D - 3 potions of flight {unknown}
 E - a potion of haste {unknown}
 F - 2 potions of magic {unknown}
Books
 c - a book of Minor Magic

   Spells                             Type                      Level
   a - Magic Dart                     Conjuration                  1
   b - Blink                          Translocation                2
   c - Call Imp                       Summoning                    2
   d - Repel Missiles                 Charms/Air                   2
   e - Slow                           Hexes                        2
   f - Conjure Flame                  Conjuration/Fire             3
   g - Mephitic Cloud                 Conjuration/Poison/Air       3
Comestibles
 d - 4 bread rations
 u - 3 meat rations
 L - a beef jerky
 N - 3 mutagenic chunks of flesh


   Skills:
 + Level 0.2 Fighting
 - Level 2.4 Dodging
 - Level 2.4 Stealth
 - Level 6.0 Spellcasting
 + Level 9.4 Conjurations
 - Level 6.3 Charms
   Level 1.1 Summonings
 - Level 3.4 Translocations
 - Level 6.1 Fire Magic


You had 9 spell levels left.
You knew the following spells:

 Your Spells              Type           Power        Failure   Level  Hunger
a - Magic Dart            Conj           ####         1%          1    None
b - Blink                 Tloc           N/A          1%          2    None
c - Repel Missiles        Chrm/Air       ####..       1%          2    None
e - Mephitic Cloud        Conj/Pois/Air  ####....     4%          3    None
f - Conjure Flame         Conj/Fire      ######..     1%          3    None


Dungeon Overview and Level Annotations

Branches:
Dungeon (7/15)             Temple (1/1) D:7

Altars:
Ashenzari
Elyvilon
Makhleb
Nemelex Xobeh
Okawaru
Pakellas
Qazlal
Ru
Sif Muna
Vehumet
Yredelemnul
The Shining One

Shops:
D:7 [


Message History

You feel sick. The wasp stings you!
* * * LOW HITPOINT WARNING * * *
You feel as though you will be slow longer.
The wasp closely misses you. The wasp stings you.
* * * LOW HITPOINT WARNING * * *
You are more poisoned.
You feel as though you will be slow longer.
Drink which item? (? for menu, Esc to quit)
You feel much better.
You feel very sick. The wasp barely misses you. The wasp misses you.
Drink which item? (? for menu, Esc to quit)
You feel better. The wasp stings you.
You suddenly lose the ability to move!
The wasp stings you but does no damage. The wasp stings you!
* * * LOW HITPOINT WARNING * * *
You are poisoned.
You feel as though you will be slow longer.
The wasp stings you!
You die...

#########
###########.......#
#........##.#####.#
#.######.@..# #.# #.#
##.y.# #.######## #.#
##..# #......... #.#
##..#####..#######
#.#######..........# ####
#..#..>....#.####..# #
...#
##.#.#####.#.###...#######
##.# #.#.#
#.#.#............ #.#
#.#.# #.#>#.#...#######


You could see a wasp.

Vanquished Creatures
  The ghost of Psaro the Cutter, an amateur HaAs (D:4)
  A hippogriff (D:7)
  A water moccasin (D:6)
  2 sky beasts
  An ogre (D:4)
  A phantom (D:6)
  2 big kobolds (Sewer)
  3 giant frogs
  3 scorpions
  A wight (D:7)
  A centaur zombie (D:6)
  The ghost of Reinor the Magician, a weakling DEWz (D:3)
  A giant frog zombie (D:6)
  2 orc priests (D:4)
  3 hounds
  A giant frog skeleton (D:5)
  A centaur skeleton (D:5)
  An iguana (D:7)
  A worker ant (D:4)
  6 orc wizards
  A worker ant zombie (D:7)
  13 adders
  13 gnolls
  A shadow imp (D:7)
  6 oozes
  2 adder skeletons
  7 worms
  2 giant geckos
  18 orcs
  5 ball pythons
  8 bats
  2 giant cockroaches
  4 goblins
  8 hobgoblins
  15 jackals
  15 kobolds
  3 quokkas
  A giant gecko zombie (D:7)
  7 giant newts
  7 rats
172 creatures vanquished.

Vanquished Creatures (others)
  A ghoul (D:1)
  2 minotaurs (D:1)
  A draconian (D:1)
  An elf (D:1)
  4 formicids (D:1)
  A spriggan (D:1)
  A vampire (D:1)
  3 humans (D:1)
  A centaur (D:1)
  6 tentacles (D:1)
  85 tentacle segments (D:1)
106 creatures vanquished.

Grand Total: 278 creatures vanquished

Notes
Turn   | Place    | Note
--------------------------------------------------------------
     0 | D:1      | Reinor the Deep Elf Wizard began the quest for the Orb.
     0 | D:1      | Reached XP level 1. HP: 10/10 MP: 7/7
     2 | D:1      | Killed a vampire
     4 | D:1      | Killed a human
     5 | D:1      | Noticed a formicid
     5 | D:1      | Noticed a draconian
     5 | D:1      | Noticed a spriggan
     5 | D:1      | Noticed a human
     5 | D:1      | Noticed a centaur
     5 | D:1      | Noticed a minotaur
     5 | D:1      | Noticed a kraken
     5 | D:1      | Noticed a formicid
     5 | D:1      | Noticed a ghoul
     5 | D:1      | Noticed an elf
     5 | D:1      | Noticed a minotaur
     5 | D:1      | Noticed a formicid
     5 | D:1      | Noticed a human
     5 | D:1      | Noticed a formicid
     7 | D:1      | Killed a human
     8 | D:1      | Killed a minotaur
    10 | D:1      | Killed a minotaur
    10 | D:1      | Killed a formicid
    13 | D:1      | Killed an elf
    14 | D:1      | Killed a centaur
    14 | D:1      | Killed a formicid
    16 | D:1      | Killed a draconian
    17 | D:1      | Killed a spriggan
    18 | D:1      | Killed a formicid
    20 | D:1      | Killed a formicid
    21 | D:1      | Killed a human
    22 | D:1      | Killed a ghoul
   267 | D:1      | Reached XP level 2. HP: 15/15 MP: 5/9
   728 | D:2      | Reached skill level 5 in Spellcasting
  1085 | D:2      | Reached XP level 3. HP: 19/19 MP: 8/11
  1666 | D:2      | Learned a level 2 spell: Blink
  1669 | D:2      | Learned a level 2 spell: Repel Missiles
  1672 | D:2      | Learned a level 2 spell: Call Imp
  1676 | D:2      | Learned a level 3 spell: Mephitic Cloud
  1680 | D:2      | Learned a level 3 spell: Conjure Flame
  1840 | D:3      | Reached XP level 4. HP: 24/24 MP: 10/13
  1895 | D:3      | Noticed Reinor's ghost (weakling DEWz)
  1905 | D:3      | Killed Reinor's ghost
  1905 | D:3      | Reached skill level 6 in Spellcasting
  2205 | D:3      | Found a faded altar to an unknown god.
  2483 | D:3      | Reached XP level 5. HP: 17/28 MP: 3/15
  3000 | D:4      | Got a shimmering robe
  3011 | D:4      | Identified the +3 robe "Quimuuv" {MP+9} (You found it on level 4 of the Dungeon)
  3030 | D:4      | Noticed Psaro's ghost (amateur HaAs)
  3341 | D:4      | Reached XP level 6. HP: 24/32 MP: 1/17
  3568 | D:4      | Killed Psaro's ghost
  3568 | D:4      | Reached skill level 5 in Conjurations
  3793 | D:4      | Reached XP level 7. HP: 23/36 MP: 18/18
  3940 | D:4      | Found a basalt altar of Yredelemnul.
  3941 | D:4      | Found an iron altar of Okawaru.
  4421 | D:5      | Entered Level 5 of the Dungeon
  4439 | D:5      | Found a stormy altar of Qazlal.
  4775 | D:5      | Found a glowing drain.
  4786 | Sewer    | Entered a sewer
  4878 | Sewer    | Reached skill level 7 in Conjurations
  4878 | Sewer    | Reached skill level 5 in Fire Magic
  4895 | Sewer    | Reached XP level 8. HP: 41/41 MP: 0/19
  5399 | D:5      | Found a burning altar of Makhleb.
  5692 | D:5      | Got a sparkling bronze amulet
  5696 | D:5      | Identified the amulet of Gozag's Anger {Gourm Int+5} (You found it on level 5 of the Dungeon)
  6083 | D:6      | Reached skill level 8 in Conjurations
  6083 | D:6      | Reached skill level 1 in Charms
  7049 | D:7      | Found a staircase to the Ecumenical Temple.
  7058 | Temple   | Entered the Ecumenical Temple
  7070 | Temple   | Became a worshipper of Vehumet
  7323 | D:7      | Found Donnyacu's Armour Boutique.
  7349 | D:7      | Reached skill level 9 in Conjurations
  7349 | D:7      | Reached skill level 5 in Charms
  7467 | D:7      | Reached XP level 9. HP: 30/45 MP: 13/20
  7616 | D:6      | Paralysed by a wasp for 2 turns
  7617 | D:6      | Slain by a wasp

Vault maps used:
D:1:      nicolae_arrival_kraken_aquarium_b, hangedman_decor_riveting
D:2:      grunt_decor_one_mirror, kennysheep_doodads, kennysheep_generic_room_3
D:3:      ecumenical_altar_2
D:4:      gammafunk_temple_overflow_statue, grunt_decor_cap
D:5:      lightli_temple_of_fire, portal_sewer_entry_d, first_bread,
          nicolae_qazlal_eye_of_the_storm
D:7:      temple_fountains, serial_shops, shop
Temple:   circular_temple_12
Sewer:    sewer_co_15_rooms

Action                   |  1- 3 |  4- 6 |  7- 9 || total
-------------------------+-------+-------+-------++-------
Melee: Dagger            |     5 |    18 |     4 ||    27
 Cast: Magic Dart        |    98 |   165 |   381 ||   644
       Conjure Flame     |       |     4 |    16 ||    20
       Blink             |       |     5 |     2 ||     7
       Mephitic Cloud    |       |     1 |     4 ||     5
 Abil: Evoke Flight      |       |       |     7 ||     7
  Use: Scroll            |     6 |     4 |     3 ||    13
       Potion            |       |     1 |     7 ||     8
  Eat: Chunk             |     1 |     8 |    15 ||    24
       Meat ration       |       |       |     1 ||     1
